 Dungeon Crawl Stone Soup version 0.21-a0-352-g5b8f553 (webtiles) character file.

9 Dfrag the Firebug (level 2, 11/19 HPs)
             Began as a Demonspawn Fire Elementalist on Oct 11, 2017.
             Quit the game on level 1 of the Dungeon.
             The game lasted 00:00:20 (214 turns).

Dfrag the Firebug (Demonspawn Fire Elementalist)     Turns: 214, Time: 00:00:21

Health: 11/19      AC:  2    Str:  8    XL:     2   Next: 3%
Magic:  0/5        EV: 12    Int: 16    God:
Gold:   10         SH:  0    Dex: 13    Spells: 4/5 levels left

rFire    . . .     SeeInvis .   (no weapon)
rCold    . . .     Gourm    .   (no shield)
rNeg     . . .     Faith    .   a - +0 robe
rPois    .         Spirit   .   (no helmet)
rElec    .         Reflect  .   (no cloak)
rCorr    .         Harm     .   (no gloves)
MR       .....                  (no boots)
Stlth    +++.......             (no amulet)
HPRegen  0.06/turn              (no ring)
MPRegen  0.09/turn              (no ring)

@: no status effects
A: nightstalker 1
a: no special abilities


You were on level 1 of the Dungeon.
You were not hungry.

You visited 1 branch of the dungeon, and saw 1 of its levels.

You collected 10 gold pieces.

Inventory:

Armour
 a - a +0 robe (worn)
Scrolls
 d - a scroll of amnesia {unknown}
Potions
 e - a potion of heal wounds {unknown}
 f - a potion of might {unknown}
Books
 b - a book of Flames

   Spells                             Type                      Level
   a - Flame Tongue                   Conjuration/Fire             1
   b - Throw Flame                    Conjuration/Fire             2
   c - Conjure Flame                  Conjuration/Fire             3
   d - Inner Flame                    Hexes/Fire                   3
   e - Sticky Flame                   Conjuration/Fire             4
   f - Fireball                       Conjuration/Fire             5
Comestibles
 c - 2 bread rations
 g - a chunk of flesh


   Skills:
 - Level 1.7 Dodging
 - Level 1.7 Stealth
 + Level 2.2 Spellcasting
 + Level 1.4 Conjurations
 + Level 2.9 Fire Magic


You had 4 spell levels left.
You knew the following spells:

 Your Spells              Type           Power        Failure   Level  Hunger
a - Flame Tongue          Conj/Fire      #....        9%          1    #......


Dungeon Overview and Level Annotations

Branches:
Dungeon (1/15)

Altars:


Innate Abilities, Weirdness & Mutations

You are slightly more attuned to the shadows.


Message History

The hobgoblin hits you but does no damage.
You closely miss the hobgoblin.
The hobgoblin is severely wounded.
The hobgoblin completely misses you.
Casting: Flame Tongue
Confirm with . or Enter, or press ? or * to list all spells.
Aiming: Flame Tongue
Press: ? - help, Shift-Dir - straight line, f/p - hobgoblin
Aim: a hobgoblin, wielding a club (severely wounded)
The flame tongue hits the hobgoblin.
You kill the hobgoblin!
You have reached level 2!
Your demonic ancestry asserts itself...
You slip into the darkness of the dungeon.
Things that are here:
a club; a hobgoblin corpse You butcher the hobgoblin corpse.
g - a chunk of flesh You see here a club.
Are you sure you want to abandon this character and quit the game? (Confirm with "yes".)

#.# #........ #.#
+........ #.# #>.......
## #.# ######### #. ..
#.# .###.. #.####...
....# #....#).######.
#.#.# #....#..##....#
#[#.####.@..#..##....#
#...........#..##....#
#....####...#..##....#
#(...# #...#..##....#
#....####...#..##....####
#.###...+...'...'....'..#
#.###+###...#####....##.#
#.##........# #....##.#
#####.##.....####
#....##.#


There were no monsters in sight!

Vanquished Creatures
  An ooze (D:1)
  A hobgoblin (D:1)
  A kobold (D:1)
  A frilled lizard (D:1)
  A rat (D:1)
5 creatures vanquished.

Notes
Turn   | Place    | Note
-------+----------+-------------------------------------------
     0 | D:1      | Dfrag the Demonspawn Fire Elementalist began the quest for the Orb.
     0 | D:1      | Reached XP level 1. HP: 13/13 MP: 3/3
   210 | D:1      | Gained mutation: You are slightly more attuned to the shadows. [demonic ancestry]
   210 | D:1      | Reached XP level 2. HP: 10/19 MP: 0/5
   214 | D:1      | Quit the game

Vault maps used:
D:1:      giann_horns

Action                   || total
-------------------------++-------
Melee: Unarmed           ||     9
 Cast: Flame Tongue      ||    12
Armor: Robe              ||     1
Dodge: Dodged            ||     5

Table legend:
 A = Spawn XP
 B = Non-spawn XP
 C = Spawn XP percentage of total XP
 D = Spawn monster count
 E = Non-spawn monster count
 F = Spawn count percentage of total count
 G = Total turns spent on level
                    A         B        C        D         E        F      G
               +---------+---------+-------+---------+---------+-------+---------
         Total |       0 |      13 |   0.0 |       0 |       5 |   0.0 |   214
               +---------+---------+-------+---------+---------+-------+---------
           D:1 |       0 |      13 |   0.0 |       0 |       5 |   0.0 |   214
               +---------+---------+-------+---------+---------+-------+---------
